 Dungeon Crawl Stone Soup version 0.20-a0-738-gb057e68 (webtiles) character file.

338 Gorglomux the Cudgeler (level 6, 0/76 HPs)
             Began as a Barachian Abyssal Knight on Feb 23, 2017.
             Was a Believer of Lugonu.
             Slain by an ogre
             ... wielding a +0 giant club
              (5 damage)
             ... on level 6 of the Dungeon.
             The game lasted 00:10:49 (4976 turns).

Gorglomux the Cudgeler (Barachian Abyssal Knight)   Turns: 4976, Time: 00:10:50

Health: 0/76       AC: 23    Str: 13    XL:     6   Next: 55%
Magic:  18/18      EV:  2    Int: 18    God:    Lugonu [**....]
Gold:   143        SH:  0    Dex: 13    Spells: 5/5 levels left

rFire    . . .     SeeInvis .   a - +2 mace
rCold    . . .     Gourm    .   (armour currently unavailable)
rNeg     + + +     Faith    .   (no shield)
rPois    +         Spirit   .   (helmet currently unavailable)
rElec    .         Reflect  .   (cloak currently unavailable)
rCorr    +         Harm     .   (gloves currently unavailable)
MR       .....     NoTele   +   (boots currently unavailable)
Stlth    +.........             (no amulet)
Regen    0.3/turn               P - ring of magical power
MPRegen  0.2/turn               g - ring of resist corrosion

@: brilliant, exhausted, tree-form, can't hop, slowed, very slow
A: swims, (icy blue scales 0), robust 1, (slowness 0), (strong legs 0)
a: Depart the Abyss, Bend Space, Renounce Religion


You were on level 6 of the Dungeon.
You worshipped Lugonu.
Lugonu was pleased with you.
You were very hungry.
You were a tree.
You visited 1 branch of the dungeon, and saw 6 of its levels.
You visited the Abyss 1 time.

You collected 143 gold pieces.

Inventory:

Hand Weapons
 a - a +2 mace (weapon)
Armour
 b - a +0 leather armour (melded)
 S - a +0 pair of gloves (melded)
Jewellery
 g - a ring of resist corrosion (left branch)
 P - a ring of magical power (right branch)
Scrolls
 C - a scroll of fear
 D - a scroll of enchant armour {unknown}
 F - 2 scrolls of amnesia {unknown}
 R - a scroll of identify
 T - a scroll of teleportation
 U - a scroll of remove curse {unknown}
 Z - a scroll of noise {unknown}
Potions
 E - 2 potions of flight
 W - 2 potions of brilliance
 Y - a potion of mutation
Comestibles
 c - a bread ration
 m - a meat ration


   Skills:
 - Level 3.5 Fighting
 - Level 5.3 Maces & Flails
 - Level 2.1 Armour
 - Level 1.0 Dodging
 + Level 4.6 Invocations


You had 5 spell levels left.
You didn't know any spells.

Dungeon Overview and Level Annotations

Branches:
Dungeon (7/15)
 Temple: D:4-7

Altars:


Innate Abilities, Weirdness & Mutations

You can swim through water.
((You cover ground slowly.))
((You can hop short distances.))
((You are partially covered in icy blue scales. (AC +2)))
You are robust. (+10% HP)


Message History

Lugonu accepts your kill.
You feel a strong urge to attack something.
You are no longer berserk.
You are exhausted.
You feel yourself slow down.
An orc warrior and an orc priest come into view.
The orc warrior shouts!
An orc comes into view. It is wielding a flail.
Unknown command.
It was a potion of mutation.
You feel extremely strange.
You feel robust.
Icy blue scales grow over part of your body.
The orc shouts!
The ogre barely misses you.
A quokka comes into view.
It was a potion of lignification.
You turn into a tree.
Your +0 pair of gloves melds into your body.
Your +0 leather armour melds into your body.
Your roots penetrate the ground.
The ogre hits you with a giant club.
You die...

. r#
o o#
###.
#..
#.#
#♣#
#O#
#.#
#.#
#.#
#)#
#.##
#..#
##.#


You could see an orc warrior, an ogre, an orc and a quokka (wandering).

Vanquished Creatures
  A crimson imp (D:6)
  A bullfrog zombie (D:7)
  An orc priest (D:6)
  2 gnolls (D:2)
  3 adders (D:2)
  An ooze (D:2)
  An adder zombie (D:1)
  2 dart slugs
  3 leopard geckos
  2 orcs (D:3)
  4 bats
  A bat zombie (D:1)
  3 giant cockroaches
  5 goblins
  12 hobgoblins
  11 jackals
  A quokka (D:1)
  A ball python (D:1)
  6 frilled lizards
  7 kobolds
  12 rats
80 creatures vanquished.

Vanquished Creatures (others)
  A phantom (D:7)
  An ice beast (D:3)
2 creatures vanquished.

Grand Total: 82 creatures vanquished

Notes
Turn   | Place    | Note
-------+----------+-------------------------------------------
     0 | Abyss:1  | Gorglomux the Barachian Abyssal Knight began the quest for the Orb.
     0 | Abyss:1  | Reached XP level 1. HP: 18/18 MP: 2/2
    27 | D:1      | Escaped the Abyss
   265 | D:1      | Reached XP level 2. HP: 9/24 MP: 3/3
  1122 | D:1      | Reached XP level 3. HP: 23/29 MP: 4/4
  1133 | D:1      | Reached ** piety under Lugonu
  1186 | D:1      | Reached skill level 3 in Maces & Flails
  2190 | D:2      | Reached XP level 4. HP: 32/35 MP: 5/5
  2565 | D:2      | Reached skill level 4 in Maces & Flails
  3704 | D:3      | Reached XP level 5. HP: 38/41 MP: 6/6
  4030 | D:3      | Reached *** piety under Lugonu
  4211 | D:3      | Noticed an ice beast
  4213 | D:3      | Banished an ice beast
  4213 | D:3      | Reached skill level 5 in Maces & Flails
  4596 | D:4      | You fall through a shaft for 3 floors!
  4639 | D:7      | Noticed a phantom
  4660 | D:7      | Banished a phantom
  4660 | D:7      | Reached skill level 3 in Invocations
  4660 | D:7      | Reached XP level 6. HP: 11/47 MP: 8/8
  4969 | D:6      | HP: 3/70 [crimson imp (1)]
  4974 | D:6      | Noticed an orc warrior
  4975 | D:6      | Gained mutation: You are robust. (+10% HP) [potion of mutation]
  4975 | D:6      | Gained mutation: You are partially covered in icy blue scales. (AC +2) [potion of mutation]
  4976 | D:6      | Slain by an ogre

Vault maps used:
D:1:      saegor_arrival_fortress
D:4:      kiku_gazebo_pond_becter,
          nicolae_gozag_cash_rules_everything_around_me, minmay_hedge_maze
D:6:      grunt_temple_overflow_lords_of_destruction,
          minmay_temple_entry_butterflies, serial_shops, nicolae_shop_trees,
          shop_statue, shop_fountains, shop, uniq_grinder, uniq_blork_the_orc
D:7:      nicolae_ru_great_annihilating_truth, serial_shops, shop,
          grunt_ogre_cave

Skill      XL: |  1  2  3  4  5  6 |
---------------+-------------------+-----
Maces & Flails | 3 4 5 |  5.3
Invocations    | 3 4 |  4.6
Fighting       | |  3.5
Armour         | |  2.1
Dodging        | |  1.0

Action                   |  1- 3 |  4- 6 || total
-------------------------+-------+-------++-------
Melee: Mace              |   121 |   129 ||   250
Invok: Banish            |       |     2 ||     2
       Bend Space        |       |     3 ||     3
 Abil: Hop               |     4 |     4 ||     8
  Use: Scroll            |     1 |     6 ||     7
       Potion            |       |     5 ||     5
 Stab: Sleeping          |     1 |       ||     1
  Eat: Chunk             |     4 |     7 ||    11
       Royal jelly       |       |     1 ||     1
       Fruit             |       |     1 ||     1
Armor: Leather armour    |    38 |    28 ||    66
Dodge: Dodged            |    82 |   112 ||   194
